 Dungeon Sprint DCSS version 0.19-a0-1882-gbb73ea0 (webtiles) character file.

499 Loading the Martial Artist (level 7, -4/41 HPs)
             Began as a Tengu Monk on Oct 14, 2016.
             Was an Elder of Dithmenos.
             Slain by a cyclops (30 damage)
             ... in the Dungeon (Sprint IX: "|||||||||||||||||||||||||||||").
             The game lasted 00:03:55 (767 turns).

Loading the Martial Artist (Tengu Monk)              Turns: 767, Time: 00:03:55

Health: -4/41      AC:  3    Str: 17    XL:     7   Next: 16%
Magic:  8/9        EV: 18    Int: 11    God:    Dithmenos [****..]
Gold:   0          SH:  0    Dex: 18    Spells: 0 memorised, 6 levels left

rFire  . . .     SeeInvis .       - Unarmed
rCold  . . .     Gourm    .     a - +0 robe
rNeg   . . .     Faith    .     (no shield)
rPois  .         Spirit   .     (helmet restricted)
rElec  .         Dismiss  .     k - +0 cloak
rCorr  .         Reflect  .     (no gloves)
MR     .....     Harm     .     (boots unavailable)
Stlth  +++++++... NoTele   +    (no amulet)
                                m - +3 ring of strength
                                l - +3 ring of strength

@: wreathed by umbra
A: beak, talons 3, able to fly 1
a: Fly, Shadow Step, Renounce Religion


You were in the Dungeon.
You worshipped Dithmenos.
Dithmenos was greatly pleased with you.
You were not hungry.

You visited 1 branch

Inventory:

Armour
 a - a +0 robe (worn)
 k - a +0 cloak (worn)
Jewellery
 l - a +3 ring of strength (left hand)
 m - a +3 ring of strength (right hand)
Wands
 j - a wand of acid (7/15)
Scrolls
 g - 3 scrolls of remove curse
 h - 2 scrolls of blinking
 i - 2 scrolls of amnesia
Potions
 c - 5 potions of curing
 d - a potion of heal wounds
 f - 4 potions of magic
Comestibles
 b - a bread ration


   Skills:
 - Level 3.0 Fighting
 + Level 7.9 Dodging
 * Level 9.8 Stealth
 * Level 11.1 Unarmed Combat
 * Level 1.5 Invocations


You had 6 spell levels left.
You didn't know any spells.

Dungeon Overview and Level Annotations

Branches:
Dungeon (1/1)

Altars:
Cheibriados
Dithmenos
Elyvilon
Fedhas
Gozag
Hepliaklqana
Kikubaaqudgha
Makhleb
Nemelex Xobeh
Okawaru
Qazlal
Ru
Sif Muna
Trog
Uskayaw
Vehumet
Xom
Yredelemnul
Zin
The Shining One
Beogh
Jiyva
Lugonu


Innate Abilities, Weirdness & Mutations

You have a beak for a mouth.
You have claws for feet.
You can fly.


Message History

The cyclops hits you!
Things that are here:
a club; a bullfrog corpse You punch the cyclops!
You claw the cyclops, but do no damage. You peck the cyclops.
The cyclops is moderately wounded.
The cyclops barely misses you.
You hit the cyclops but do no damage. You claw the cyclops, but do no damage.
The cyclops is moderately wounded.
You hit the cyclops.
The cyclops is moderately wounded.
The death knight's dark mirror aura disappears.
The cyclops misses you.
You completely miss the cyclops. You peck the cyclops, but do no damage.
The cyclops is moderately wounded.
You punch the cyclops! You claw the cyclops.
The cyclops is severely wounded.
The cyclops hits you!!
Ouch! That really hurt!
You die...

▓+▓
▓.▓
▓k▓
▓K▓
▓p▓
▓C▓
▓@▓
▓§▓
▓§▓
▓§▓
▓.▓
▓.▓
▓.▓
▓)▓
▓'▓


You could see a death knight, a death drake shaped shifter, a cyclops and a
kobold demonologist.

Vanquished Creatures
  A wraith (D)
  A phantom (D)
  A bullfrog (D)
  A scorpion (D)
  A wight (D)
  A hound (D)
  2 worker ants (D)
  A shadow imp (D)
  2 orcs (D)
  A jackal (D)
  3 kobolds (D)
  2 bats (D)
  A quokka zombie (D)
18 creatures vanquished.

Notes
Turn   | Place    | Note
-------+----------+-------------------------------------------
     0 | D        | Loading the Tengu Monk began the quest for the Orb.
     0 | D        | Reached XP level 1. HP: 14/14 MP: 2/2
     6 | D        | Reached skill level 4 in Unarmed Combat
   209 | D        | Noticed a worker ant
   210 | D        | Reached skill level 5 in Unarmed Combat
   213 | D        | Reached XP level 2. HP: 19/19 MP: 3/3
   217 | D        | Reached skill level 6 in Unarmed Combat
   217 | D        | Reached XP level 3. HP: 23/23 MP: 4/4
   405 | D        | Found a roughly hewn altar of Beogh.
   405 | D        | Found a snail-covered altar of Cheibriados.
   405 | D        | Found a shadowy altar of Dithmenos.
   405 | D        | Found a white marble altar of Elyvilon.
   405 | D        | Found a blossoming altar of Fedhas.
   405 | D        | Found an opulent altar of Gozag.
   406 | D        | Found a hazy altar of Hepliaklqana.
   407 | D        | Found a viscous altar of Jiyva.
   408 | D        | Found an ancient bone altar of Kikubaaqudgha.
   409 | D        | Found a corrupted altar of Lugonu.
   410 | D        | Found a burning altar of Makhleb.
   411 | D        | Found a sparkling altar of Nemelex Xobeh.
   412 | D        | Found an iron altar of Okawaru.
   413 | D        | Found a stormy altar of Qazlal.
   414 | D        | Found a sacrificial altar of Ru.
   415 | D        | Found a deep blue altar of Sif Muna.
   416 | D        | Found a bloodstained altar of Trog.
   417 | D        | Found a hide-covered altar of Uskayaw.
   418 | D        | Found a radiant altar of Vehumet.
   419 | D        | Found a shimmering altar of Xom.
   420 | D        | Found a basalt altar of Yredelemnul.
   421 | D        | Found a glowing silver altar of Zin.
   422 | D        | Found a glowing golden altar of the Shining One.
   480 | D        | Became a worshipper of Dithmenos the Shadowed
   480 | D        | Reached * piety under Dithmenos
   480 | D        | Reached ** piety under Dithmenos
   526 | D        | Noticed a scorpion
   526 | D        | Noticed a wraith
   526 | D        | Noticed a phantom
   532 | D        | Reached skill level 5 in Dodging
   532 | D        | Reached skill level 7 in Unarmed Combat
   532 | D        | Reached XP level 4. HP: 28/28 MP: 5/5
   541 | D        | Killed a phantom
   541 | D        | Reached skill level 8 in Unarmed Combat
   541 | D        | Gained mutation: You can fly. [Tengu growth]
   541 | D        | Reached XP level 5. HP: 32/32 MP: 6/6
   547 | D        | Reached skill level 9 in Unarmed Combat
   552 | D        | Reached *** piety under Dithmenos
   552 | D        | Reached XP level 6. HP: 37/37 MP: 7/7
   569 | D        | Killed a wraith
   569 | D        | Reached skill level 10 in Unarmed Combat
   576 | D        | HP: 1/37 [scorpion (1)]
   579 | D        | Reached skill level 11 in Unarmed Combat
   755 | D        | Noticed a salamander
   755 | D        | Noticed a kobold demonologist
   755 | D        | Noticed a death knight
   755 | D        | Noticed a cyclops
   757 | D        | Noticed a death drake
   757 | D        | a salamander changed into a death drake
   758 | D        | Reached XP level 7. HP: 29/41 MP: 8/8
   760 | D        | Reached **** piety under Dithmenos
   760 | D        | Reached skill level 1 in Invocations
   767 | D        | Slain by a cyclops

Vault maps used:
D:        linesprint

Skill      XL: |  1  2  3  4  5  6  7 |
---------------+----------------------+-----
Unarmed Combat | 5 6 7 8 9 11 | 11.1
Dodging        | 4 5 6 7 |  7.9
Stealth        | 3 4 6 7 9 |  9.8
Invocations    | 1 |  1.5
Fighting       | |  3.0

Action                   |  1- 3 |  4- 6 |  7- 9 || total
-------------------------+-------+-------+-------++-------
Melee: Unarmed           |    25 |    46 |     7 ||    78
       Kick              |     6 |    19 |     4 ||    29
       Peck              |     4 |    13 |     2 ||    19
       Punch             |       |     2 |       ||     2
  Use: Potion            |     3 |     1 |     1 ||     5
 Stab: Sleeping          |     1 |       |       ||     1
       Invisible         |       |     3 |       ||     3
Armor: Robe              |     3 |     3 |       ||     6
Dodge: Dodged            |     9 |    31 |     4 ||    44
